[Event "*** Titled Tuesday Blitz"]
[Site "Chess.com"]
[Date "2020.11.10"]
[Round "3"]
[White "Alomaterapia"]
[Black "paulrusan"]
[Result "1-0"]
[WhiteElo "2501"]
[BlackElo "2216"]
[TimeControl "180+1"]
[EndTime "10:32:41 PST"]
[Termination "Alomaterapia won on time"]

1. e4 g6 2. d4 Bg7 3. Nf3 d6 4.
Be3 c5 5. Nc3 cxd4 6. Nxd4 Nf6 7. Be2 O-O 8. Qd2 Nc6 9. h4 h5 10. O-O-O Bd7 11. f3 Ne5 12. g4 hxg4 13. h5 Nxh5 14.
f4 Nf3 15. Nxf3 gxf3 16. Bxf3 Nf6 17. f5 Qa5 18. Bh6 Bh8 19. Kb1 Rfc8 20. Nd5 Qd8 21. Bg5 Nxd5 22. Rxh8+ Kxh8 23. exd5 Bxf5 24. Rh1+ Kg7 25.
Bh6+ Kg8 26. Qd4 f6 27. Bd1 Qc7 28. Rh2 Qc5 29. Qh4 Qc4 30. Qf2 Qxd5 31. Bd2 Kg7 32. Bh6+ Kf7 33. Bd2 Rh8 34. b3 Qe5 35. Bf4 Qd5 36. Be2 Rac8 37. Bc4 Rxc4 38. bxc4 Rxh2 39. Qxh2 Qxc4 40. Qh7+ Ke6 41. Qg8+ Kd7 42. Qxc4 Be6 43. Qb5+ Kd8 44. Be3 b6 45. Qa6 Ke8 46. Qxa7 Kf7 47. Qxb6 g5 48. a4 Kg6 49. a5 f5 50. a6 f4 51. Bd4 g4 52. a7 Bd5 53. Qd8 Kf7 54. a8=Q Bxa8 55. Qxa8 e5 56. Qd5+ 1-0

[Event "*** Titled Tuesday Blitz"]
[Site "Chess.com"]
[Date "2020.11.10"]
[Round "3"]
[White "ChronicUnhappiness"]
[Black "lacafi"]
[Result "1-0"]
[WhiteElo "2318"]
[BlackElo "2116"]
[TimeControl "180+1"]
[EndTime "10:32:45 PST"]
[Termination "ChronicUnhappiness won on time"]

1. c4 f5 2. g3 Nf6 3. Bg2 g6 4.
d4 Bg7 5. Nf3 O-O 6. O-O d6 7. b3 Nc6 8. Bb2 Qe8 9. d5 Nd8 10. Nd4 e5 11. dxe6 Nxe6 12. Nxe6 Qxe6 13. Nc3 Kh8 14. Nd5 Nxd5 15. Bxg7+ Kxg7 16. cxd5 Qf7 17.
e3 b6 18. Qd4+ Kg8 19. Rfc1 Bb7 20. Rc4 Rac8 21. Rac1 Rfe8 22. Qc3 Re7 23. Rd1 Re5 24. Rcd4 a5 25. a3 Ra8 26. Rc4 Rc8 27. Qd2 Kg7 28. h4 h6 29. b4 axb4 30. axb4 Ra8 31. Qc3 Kh7 32. Rxc7 Re7 33. Rc1 Rae8 34. Rxe7 Rxe7 35. Qd4 Rc7 36. Rxc7 Qxc7 37. Qf6 Ba6 38. h5 gxh5 39.
Qxf5+ Kg7 40. Bh3 Qc1+ 41. Kh2 Qb2 42. Qd7+ Kh8 43. Qe8+ Kg7 44. Qe7+ Kh8 45. Qf7 Qg7 46. Qe8+ Qg8 47. Qe6 Qf8 48. f4 Kg7 49. f5 Bd3 50. e4 Be2 51. Qg6+ Kh8 52. f6 Bg4 53. Bxg4 hxg4 54.
Kg2 b5 55. Kf2 Qg8 56. Qxg8+ Kxg8 57. Ke3 Kf7 58. Kf4 Kxf6 59. Kxg4 Ke5 60. Kf3 h5 61. Ke3 Kf6 62. Kf4 1-0

[Event "*** Titled Tuesday Blitz"]
[Site "Chess.com"]
[Date "2020.11.10"]
[Round "3"]
[White "Onischuk_V"]
[Black "Vanina1989"]
[Result "1/2-1/2"]
[WhiteElo "2873"]
[BlackElo "2648"]
[TimeControl "180+1"]
[EndTime "10:32:47 PST"]
[Termination "Game drawn by repetition"]

1. e4 c6 2. d4 d5 3. Nc3 dxe4 4.
Nxe4 Nf6 5. Nxf6+ exf6 6. c3 Bd6 7. Bd3 O-O 8. Qc2 Re8+ 9. Ne2 h5 10. h3 Nd7 11. O-O Nf8 12. Re1 h4 13. Be3 Be6 14.
c4 Rc8 15. Rad1 Bb8 16. Bf4 Qd7 17. Bxb8 Rxb8 18. d5 cxd5 19. cxd5 Bxd5 20. Qc5 Rbc8 21. Qxa7 Qc6 22. Nf4 Rxe1+ 23. Rxe1 Ne6 24. Nxd5 Qxd5 25. Qe3 Qxa2 26. Qe4 g6 27. Qxb7 Rd8 28. Bxg6 fxg6 29. Qe7 Qxb2 30. Qxe6+ Kh8 31. Qe7 Rg8 32. Qf7 Rg7 33.
Qe8+ Kh7 34. Qe4 Rd7 35. Qxh4+ Kg7 36. Qg4 Qd2 37. Qe4 Qd4 38. Qf3 Qd2 39. Re2 Qd1+ 40.
Kh2 Qd6+ 41. g3 Rc7 42. Re3 Rd7 43. Kg2 Rc7 44. h4 Qc6 45. Re7+ Kh6 46. Re4 f5 47. Rb4 Qxf3+ 48. Kxf3 Rc2 49. Rb3 Ra2 50. Re3 Rb2 51.
Re2 Rb3+ 52. Kf4 Rb4+ 53. Ke5 Kg7 54. f3 Rb5+ 55. Kf4 Kf6 56. Rd2 Rb4+ 57. Ke3 Ra4 58.
Rd3 Ke5 59. Rb3 Kf6 60. Rb6+ Kg7 61. Kf2 Kh6 62. Ke3 Kg7 63. Rb7+ Kh6 64. Rb6 Kg7 1/2-1/2

[Event "*** Titled Tuesday Blitz"]
[Site "Chess.com"]
[Date "2020.11.10"]
[Round "3"]
[White "Savagelittlemole"]
[Black "SergeyShtyka"]
[Result "1-0"]
[WhiteElo "2585"]
[BlackElo "2382"]
[TimeControl "180+1"]
[EndTime "10:32:47 PST"]
[Termination "Savagelittlemole won by checkmate"]

1. e4 c5 2. Ne2 Nc6 3. g3 g6 4. Bg2 Bg7 5. O-O e6 6. d3 Nge7 7. f4 O-O 8. Be3 d6 9. Nd2 Rb8 10. Nf3 b5 11. Rb1 a5 12. g4 f5 13. gxf5 gxf5 14.
Ng3 Qe8 15. Qe1 a4 16. e5 dxe5 17. Nxe5 Nxe5 18. fxe5 c4 19. d4 Bb7 20. c3 Bxg2 21. Kxg2 Nd5 22. Bd2 f4 23. Ne4 Qh5 24. Kh1 Kh8 25. Rf2 Rf5 26. Qg1 Rg8 27. Qd1 f3 28. Ng3 Qg4 29. Nxf5 Qxf5 30. Rc1 Rf8 31. Qc2 Qh3 32.
Rg1 Rf5 33. Bc1 Bh6 34. Bxh6 Qxh6 35. Qe4 Rf4 36. Qe1 Rh4 37. Rg3 Rf4 38. Rgxf3 a3 39.
bxa3 Rxf3 40. Rxf3 Qg5 41. Qg3 Qc1+ 42. Qg1 Qh6 43. Rf7 Nxc3 44. Rf6 Qg7 45. Qxg7+ Kxg7 46. Rxe6 Ne4 47. Rc6 c3 48. d5 Kf7 49. e6+ Ke7 50.
Kg2 h5 51. Kf3 Nd6 52. Rxc3 Nf5 53. Rc5 Nd4+ 54. Ke4 Nc2 55. Rxc2 b4 56. Rc5 b3 57. axb3 h4 58. Kd4 h3 59. Ke5 Kd8 60. d6 Ke8 61. Rc8# 1-0

[Event "*** Titled Tuesday Blitz"]
[Site "Chess.com"]
[Date "2020.11.10"]
[Round "3"]
[White "Andrii_Prydun"]
[Black "anon102030"]
[Result "0-1"]
[WhiteElo "2363"]
[BlackElo "2734"]
[TimeControl "180+1"]
[EndTime "10:32:48 PST"]
[Termination "anon102030 won on time"]

1. d4 Nf6 2. Nc3 d5 3. Bf4 e6 4.
Nb5 Na6 5. e3 c6 6. Nc3 Nc7 7. Nf3 Bb4 8. Nd2 O-O 9. a3 Bd6 10. Bg3 Re8 11. Bd3 e5 12. dxe5 Bxe5 13. O-O Bg4 14. Be2 Bxe2 15. Qxe2 Bxg3 16. hxg3 d4 17.
Nd1 Ncd5 18. e4 Nxe4 19. Nxe4 f5 20. Qd3 Rxe4 21. f3 Re5 22. Qxd4 Qe7 23. Nf2 Ne3 24. Rfe1 Re8 25. Nd3 Re6 26. Nf4 Re5 27. Re2 c5 28. Qc3 Qd6 29. Rae1 Qd4 30. Qxd4 cxd4 31. c3 dxc3 32.
bxc3 Kf7 33. Nd3 R5e7 34. Nb2 Nd5 35. Rxe7+ Rxe7 36. Rxe7+ Kxe7 37. c4 Nc3 38. Kf2 Kd6 39.
Ke3 Nb1 40. Kd3 Nxa3 41. Kc3 b5 42. cxb5 Nxb5+ 43. Kc4 Kc6 44. Nd1 Nd6+ 45. Kb4 Kd5 46. Kc3 g6 47. Ne3+ Kc5 48. g4 f4 49. Nc2 a5 50. Kd3 Kd5 51. Nd4 a4 52. Ne2 Ke5 53. Kc3 g5 54. Kb4 a3 55. Kxa3 Nc4+ 56. Kb4 Ne3 57.
g3 fxg3 58. Nxg3 Kf4 59. Ne4 Nxg4 0-1

[Event "*** Titled Tuesday Blitz"]
[Site "Chess.com"]
[Date "2020.11.10"]
[Round "3"]
[White "davidkalashian"]
[Black "Flopezin"]
[Result "1-0"]
[WhiteElo "2611"]
[BlackElo "2394"]
[TimeControl "180+1"]
[EndTime "10:32:48 PST"]
[Termination "davidkalashian won by checkmate"]

1. d4 Nf6 2. c4 e6 3. Nf3 c5 4. g3 cxd4 5. Nxd4 Nc6 6. Bg2 Bb4+ 7. Nc3 O-O 8. O-O Bxc3 9. bxc3 d5 10. Qa4 Bd7 11. cxd5 Nxd4 12. Qxd4 Nxd5 13. Bb2 Bc6 14. Rfd1 Qf6 15. Qxf6 Nxf6 16. Bxc6 bxc6 17. c4 Rfd8 18. f3 Kf8 19. Kf2 Nd7 20. Rd6 Nb6 21. Rxc6 Rd2 22.
Ba3+ Kg8 23. Bb4 Rc2 24. Rd1 Rxc4 25. Rxc4 Nxc4 26. Rd7 a5 27. Bc3 Rc8 28. Ra7 h6 29. Bxa5 Nd6 30. Bb4 Nf5 31. g4 Nd4 32. Rd7 Nc6 33.
Bd2 Ne5 34. Rb7 Rc2 35. Bf4 Nd3+ 36. Ke3 Nxf4 37. Kxf4 Rxa2 38. Ke3 Ra3+ 39. Kf2 Ra8 40. h4 g6 41. g5 Kg7 42. gxh6+ Kf6 43. Kg3 Rh8 44. e4 Rxh6 45. Kg4 e5 46. Rb6+ Kg7 47. Rb5 Rh5 48. Rc5 f5+ 49. exf5 Rxf5 50. Rd5 Rf4+ 51. Kg3 Rf5 52. Rd7+ Kf6 53. Ra7 Ke6 54. Ra8 Kf6 55.
Rf8+ Kg7 56. Re8 Kf6 57. Ra8 Kg7 58. Kg4 Rf4+ 59. Kg3 Rf5 60. Ra6 Kh6 61. Re6 Kh5 62. Re8 Kh6 63. Re7 Kh5 64. Rh7# 1-0

[Event "*** Titled Tuesday Blitz"]
[Site "Chess.com"]
[Date "2020.11.10"]
[Round "3"]
[White "FontVella8"]
[Black "maciek_92"]
[Result "0-1"]
[WhiteElo "2516"]
[BlackElo "2759"]
[TimeControl "180+1"]
[EndTime "10:32:49 PST"]
[Termination "maciek_92 won by checkmate"]

1. e4 c5 2. Nf3 d6 3. d4 cxd4 4.
Qxd4 Nc6 5. Qe3 g6 6. Be2 Bg7 7. O-O Nf6 8. c4 O-O 9. Nc3 Bg4 10. Rd1 Bxf3 11. Bxf3 Qc8 12. b3 Re8 13. Bb2 Ne5 14.
Be2 a6 15. h3 Ned7 16. Rd2 Qc5 17. Qxc5 Nxc5 18. f3 Nh5 19. b4 Ne6 20. Nd5 Bxb2 21. Rxb2 Nhf4 22. Bf1 Rac8 23. g3 Nxd5 24. exd5 Nd4 25. Kf2 e5 26. dxe6 fxe6 27. Rd1 e5 28. Rbd2 Rf8 29. Rxd4 exd4 30. Rxd4 Rf6 31. Bd3 Kf7 32.
Be4 b5 33. cxb5 axb5 34. Rd5 Rc4 35. Bd3 Rxb4 36. Bxb5 Ke6 37. Bc6 Rb6 38. Ba8 Ra6 39.
Bb7 Rxa2+ 40. Ke3 Rb2 41. Ba8 Rb3+ 42. Ke2 Ra3 43. Bc6 Rfxf3 44. Rxd6+ Kxd6 45. Bxf3 Ke5 46. h4 Kd4 47. Kf2 Ra2+ 48. Kg1 Ke3 49. Bd5 Ra5 50.
Bc6 Rc5 51. Bb7 h6 52. Ba8 Rc1+ 53. Kg2 Rc2+ 54. Kh3 Kf2 55. g4 Rc3+ 56. Kh2 Rg3 57. g5 hxg5 58. hxg5 Rxg5 59. Be4 Rh5# 0-1

[Event "*** Titled Tuesday Blitz"]
[Site "Chess.com"]
[Date "2020.11.10"]
[Round "3"]
[White "Matveev_Vladimir"]
[Black "Barmen_EV"]
[Result "1-0"]
[WhiteElo "2672"]
[BlackElo "2408"]
[TimeControl "180+1"]
[EndTime "10:32:51 PST"]
[Termination "Matveev_Vladimir won on time"]

1. d4 d5 2. c4 e6 3. Nf3 Nf6 4. g3 dxc4 5. Bg2 Nc6 6. Qa4 Bb4+ 7. Bd2 Nd5 8. Bxb4 Nxb4 9. O-O Rb8 10. Na3 a6 11.
Ne5 O-O 12. Nxc6 Nxc6 13. Bxc6 bxc6 14. Nxc4 Qxd4 15. Qc2 Rb5 16. Rfd1 Qg4 17. h4 g5 18.
Ne3 Qh3 19. hxg5 Rxg5 20. Qxc6 h5 21. Qg2 Qxg2+ 22. Nxg2 Bb7 23. Rac1 c5 24. Kh2 Kg7 25. Ne3 h4 26. gxh4 Rh8 27. Kh3 Rgh5 28. Rc4 Kf6 29. Kg3 Ke7 30. Rdc1 f5 31. Rf4 e5 32. Rxf5 Rg8+ 33.
Rg5 Rgxg5+ 34. hxg5 Rxg5+ 35. Kh4 Rg8 36. Rxc5 Kd6 37.
b4 Be4 38. f3 Rh8+ 39. Kg3 Rg8+ 40. Kf2 Bb1 41. Nc4+ Kd7 42. a3 e4 43. fxe4 Bxe4 44.
Ke3 Re8 45. Kd4 Bb7 46. e3 Re4+ 47. Kd3 Re8 48. Ne5+ Kd6 49. Nc4+ Kd7 50. Rg5 Rd8 51. Rg7+ Kc6+ 52. Kc3 Rc8 53. a4 Ba8 54. Kb3 Kd5 55.
Rd7+ Ke4 56. Nd6+ 1-0

[Event "*** Titled Tuesday Blitz"]
[Site "Chess.com"]
[Date "2020.11.10"]
[Round "3"]
[White "Ave_Mariia"]
[Black "Sergienko_Sergey"]
[Result "0-1"]
[WhiteElo "2507"]
[BlackElo "2302"]
[TimeControl "180+1"]
[EndTime "10:32:51 PST"]
[Termination "Sergienko_Sergey won by resignation"]

1. d4 Nf6 2. c4 c5 3. d5 e5 4.
g3 d6 5. Bg2 Be7 6. Nc3 O-O 7.
Nf3 Ne8 8. e4 g6 9. O-O Ng7 10.
Bh6 Nd7 11. Nd2 Nf6 12. f4 Ng4 13. Bxg7 Kxg7 14. Qf3 f6 15. h3 Nh6 16. g4 exf4 17.
Qxf4 Nf7 18. Nf3 Ne5 19. Qg3 Nxc4 20. e5 fxe5 21. b3 Ne3 22. Rfe1 Nc2 23. Ne4 Nxa1 24.
Rxa1 Rf4 25. Re1 Bd7 26. Nfd2 Bh4 27. Qe3 Bxe1 28. Qxe1 Qe7 29. Nc4 Rxe4 30. Qxe4 Rf8 31. Kh2 b5 32. Na5 Qg5 33. Nb7 Rf4 34. Qe2 Qf6 35.
Qe3 Bc8 36. Na5 Rf2 37. a3 Qf4+ 38. Qxf4 Rxf4 39. Nc6 Rf7 40. Nd8 Rc7 41. Ne6+ Bxe6 42. dxe6 Kf6 43. Bd5 Re7 44. Kg3 Rxe6 45. g5+ Kf5 46.
Kf3 Re7 47. h4 e4+ 48. Ke3 Ke5 49. Bxe4 d5 50. Bf3 c4 51. bxc4 bxc4 52. Bg4 d4+ 53. Kd2 Kf4 54. Bc8 Rc7 55. Ba6 d3 56. Kc3 Ke3 0-1

[Event "*** Titled Tuesday Blitz"]
[Site "Chess.com"]
[Date "2020.11.10"]
[Round "3"]
[White "Lupul_Cenusiu"]
[Black "Forantes"]
[Result "1-0"]
[WhiteElo "2557"]
[BlackElo "2352"]
[TimeControl "180+1"]
[EndTime "10:32:52 PST"]
[Termination "Lupul_Cenusiu won by resignation"]

1. d4 Nf6 2. Bg5 d5 3. Nd2 g6 4.
e3 Bg7 5. h4 h5 6. Ngf3 O-O 7. c4 c5 8. dxc5 Nc6 9. Be2 Bg4 10.
O-O Rc8 11. Rc1 d4 12. Nb3 e5 13. e4 Qc7 14. Bxf6 Bxf6 15. g3 Bg7 16. Ne1 Be6 17.
Bf3 f5 18. Nd3 f4 19. Kh2 Qe7 20. Nd2 Rf7 21. b4 Rcf8 22. a3 Bh6 23. Rc2 fxg3+ 24. fxg3 Bxd2 25. Rxd2 Qf6 26. Bg2 Qg7 27. Rxf7 Rxf7 28.
Nb2 d3 29. Nxd3 Nd4 30. Ne1 Bg4 31. Qb1 g5 32. Qd3 gxh4 33. gxh4 Qh6 34. Rb2 Qf4+ 35. Qg3 Qc1 36. Ra2 Rf4 37. Nd3 Qxc4 38. Nxf4 exf4 39. Qxf4 Qxa2 40. Qg5+ Kf8 41. Qd8+ Kg7 42. Qxd4+ Kg6 43. Qe3 Qe6 44. e5 Kf7 45. Qd4 Ke8 46. Bxb7 Qe7 47. Bc6+ Kf7 48. Qf4+ Ke6 49. Qg5 Qxg5 50. hxg5 Kxe5 51.
Kg3 Kf5 52. Kh4 Kg6 53. Be8+ Kf5 54. Bxh5 Bxh5 55. Kxh5 a5 56. bxa5 Ke6 57. a6 Kd7 58. a7 Kc6 59. a8=Q+ Kb5 60. c6 Kc4 61. c7 Kb3 1-0

[Event "*** Titled Tuesday Blitz"]
[Site "Chess.com"]
[Date "2020.11.10"]
[Round "3"]
[White "sboshaon21"]
[Black "VinzentSpitzl"]
[Result "0-1"]
[WhiteElo "2064"]
[BlackElo "2312"]
[TimeControl "180+1"]
[EndTime "10:32:52 PST"]
[Termination "VinzentSpitzl won on time"]

1. d4 f5 2. c4 Nf6 3. Nc3 g6 4. Bg5 Bg7 5. Bxf6 Bxf6 6. e4 fxe4 7. Nxe4 O-O 8. Nf3 d6 9. h3 Bf5 10. Bd3 Nc6 11. Nxf6+ Rxf6 12. O-O e5 13. dxe5 Nxe5 14. Nxe5 dxe5 15. Bxf5 gxf5 16. Qb3 b6 17. Rad1 Qe7 18. Rd5 c6 19. Qg3+ Rg6 20. Rxe5 Qg7 21. Qe3 Rxg2+ 22. Kh1 Rf8 23. Re7 Qg6 24. Qe6+ Qxe6 25. Rxe6 Rg6 26. Rfe1 Rf7 27. Rxg6+ hxg6 28. Re6 Kg7 29. Rxc6 Rd7 30. b3 Kh6 31. Kg2 Kg5 32. b4 Rd4 33. a4 a5 34. bxa5 bxa5 35. Rc5 Re4 36. Rc8 Re2 37. c5 Rc2 38. c6 Rc3 39. c7 Rc2 40.
Kf3 Rc3+ 41. Ke2 Rc4 42. Kd3 Rc1 43. Kd4 Rd1+ 44. Kc5 Rc1+ 45. Kb5 Kf4 46. Kb6 Rb1+ 47.
Kxa5 Rc1 48. Kb6 Rb1+ 49. Ka5 Rc1 50. Kb6 Rb1+ 51. Ka7 Rc1 52. a5 Kf3 53. a6 Kxf2 54. Ka8 f4 55. a7 f3 56. Kb7 Rb1+ 0-1

[Event "*** Titled Tuesday Blitz"]
[Site "Chess.com"]
[Date "2020.11.10"]
[Round "3"]
[White "Zhigalko_Sergei"]
[Black "AvitalBor"]
[Result "0-1"]
[WhiteElo "2916"]
[BlackElo "2693"]
[TimeControl "180+1"]
[EndTime "10:32:53 PST"]
[Termination "AvitalBor won on time"]

1. e4 e5 2. Nf3 Nc6 3. Bc4 Bc5 4.
b4 Bxb4 5. c3 Ba5 6. d4 exd4 7.
O-O d6 8. Qb3 Qe7 9. cxd4 Bb6 10.
Nc3 Na5 11. Qa4+ Bd7 12. Bb5 Bxb5 13. Qxb5+ Qd7 14. Qg5 Ne7 15. Qxg7 O-O-O 16. Bg5 Nac6 17.
d5 Ne5 18. Nxe5 dxe5 19. Qxf7 Rde8 20. d6 Qxd6 21. Rfd1 Qg6 22. Qxg6 Nxg6 23. Nd5 Bd4 24. Rac1 c6 25. Ne3 h6 26. Bf6 Rhg8 27. Nf5 Ref8 28.
Nxh6 Bxf2+ 29. Kh1 Be3 30. Nxg8 Bxc1 31. Ne7+ Nxe7 32.
Bxe7 Rf7 33. Rxc1 Rxe7 34. h4 Rg7 35. Kh2 Rg4 36. Kh3 Rxe4 37. h5 Kd7 38. Rf1 Ke7 39. h6 Rd4 40. g4 e4 41. h7 Rd8 42. g5 e3 43. g6 e2 44. Rg1 Kf6 45. Kh4 e1=Q+ 46.
Rxe1 Kxg6 47. Re7 Rh8 48. Rxb7 Rxh7+ 49. Rxh7 Kxh7 50. Kg5 Kg7 51. Kf5 Kf7 52. Ke5 Ke7 53. a3 Kd7 54. Kd4 Kd6 55. Kc4 c5 56. a4 Kc6 57.
Kc3 Kd5 58. Kd3 c4+ 59. Kc3 Kc5 60. a5 a6 61. Kd2 Kb4 0-1

[Event "*** Titled Tuesday Blitz"]
[Site "Chess.com"]
[Date "2020.11.10"]
[Round "3"]
[White "redbaron8888"]
[Black "Kaslask"]
[Result "1/2-1/2"]
[WhiteElo "2539"]
[BlackElo "2355"]
[TimeControl "180+1"]
[EndTime "10:32:53 PST"]
[Termination "Game drawn - insufficient material"]

1. e4 c5 2. Nf3 Nc6 3. Bb5 e6 4. c3 Nge7 5. O-O a6 6. Ba4 b5 7. Bc2 d5 8. e5 Bb7 9. d4 cxd4 10.
cxd4 Nb4 11. Bb3 Qb6 12. a3 Nbc6 13. Nc3 Nf5 14. Be3 Na5 15. Bc2 Nxe3 16. fxe3 Be7 17. Qd3 g6 18. Nd2 Nc4 19. Nxc4 bxc4 20. Qd2 O-O 21.
Rab1 f6 22. exf6 Bxf6 23. Kh1 Bg7 24. Rxf8+ Rxf8 25. h3 Qc7 26. b3 Bh6 27. bxc4 dxc4 28. Be4 Bxe4 29. Nxe4 Qc6 30. Nc3 Qd6 31. Ne4 Qxa3 32.
Nc3 Qd6 33. d5 Bg7 34. e4 Bxc3 35. Qxc3 exd5 36. Rd1 d4 37. Qxc4+ Kg7 38. Qxd4+ Qxd4 39. Rxd4 Rf1+ 40. Kh2 Ra1 41. Rd7+ Kg8 42. e5 Re1 43. Rd5 Kf7 44. Ra5 Ke6 45. Rxa6+ Kxe5 46. Ra7 Kf6 47.
Rxh7 Ra1 48. Rb7 Ra3 49. Rb6+ Kg5 50. Rb5+ Kh6 51. h4 Rc3 52. g3 Ra3 53. Kh3 Ra4 54. Rg5 Kh7 55. Rg4 Ra5 56. Rg5 Ra4 57. Rb5 Rc4 58. Rb7+ Kh6 59. Rb8 Kg7 60. Rb5 Kf6 61.
Rg5 Rb4 62. Rg4 Rb5 63. Rf4+ Kg7 64. Kg4 Ra5 65. Re4 Rb5 66. Kf4 Ra5 67. Re5 Ra4+ 68.
Kg5 Ra7 69. g4 Rb7 70. Rc5 Ra7 71. Re5 Rb7 72. Re6 Rb5+ 73. Kf4 Ra5 74. Re5 Ra4+ 75. Kg5 Ra7 76. Re6 Ra5+ 77. Kf4 Ra7 78. h5 gxh5 79. gxh5 Ra5 80. Re5 Rxe5 81. Kxe5 Kh6 82. Kf5 Kxh5 1/2-1/2

[Event "*** Titled Tuesday Blitz"]
[Site "Chess.com"]
[Date "2020.11.10"]
[Round "3"]
[White "Paladin61"]
[Black "Kotofeyca"]
[Result "0-1"]
[WhiteElo "2549"]
[BlackElo "2376"]
[TimeControl "180+1"]
[EndTime "10:32:56 PST"]
[Termination "Kotofeyca won on time"]

1. b3 d5 2. Bb2 c6 3. Nf3 Bg4 4. g3 Bxf3 5. exf3 Nf6 6. Bg2 g6 7.
O-O Bg7 8. f4 O-O 9. Re1 Nbd7 10. d3 a5 11. a3 e6 12. Nd2 a4 13. b4 Ne8 14. Qc1 Bxb2 15. Qxb2 Qf6 16. Qxf6 Ndxf6 17. Nf3 Nd6 18. Kf1 Rfd8 19. Ne5 Nb5 20. c4 Nd4 21. Ra2 Nd7 22. Nf3 Nxf3 23. Bxf3 dxc4 24. dxc4 Nb6 25. c5 Nc4 26. Rc1 Nd2+ 27. Ke2 Nxf3 28. Kxf3 Rd3+ 29. Ke2 Rad8 30. Rcc2 Kf8 31.
Rd2 Rxd2+ 32. Rxd2 Rd5 33. Ke3 Ke7 34. Rd4 Kf6 35. Ke4 h5 36. h3 g5 37. fxg5+ Kxg5 38. Ke3 f6 39. Ke4 Re5+ 40. Kd3 Rd5 41. Ke3 Kf5 42.
Rf4+ Kg5 43. Re4 e5 44. Rc4 Rd1 45. Rc3 Re1+ 46. Kd3 Rh1 47. h4+ Kg4 48. Kc4 Rf1 49. Rc2 Kf3 50. b5 Rxf2 51. Rc3+ Kg4 52. bxc6 bxc6 53.
Kb4 e4 54. Kxa4 Rb2 55. Ka5 f5 56. a4 f4 57. gxf4 Kxf4 58. Ka6 e3 59. a5 e2 60.
Rc1 Ke3 61. Ka7 Kd2 62. Ra1 e1=Q 0-1

[Event "*** Titled Tuesday Blitz"]
[Site "Chess.com"]
[Date "2020.11.10"]
[Round "3"]
[White "Rakhimzhan_Alen"]
[Black "exoticprincess"]
[Result "0-1"]
[WhiteElo "2631"]
[BlackElo "2875"]
[TimeControl "180+1"]
[EndTime "10:32:58 PST"]
[Termination "exoticprincess won by resignation"]

1. d4 d5 2. c4 c6 3. cxd5 cxd5 4. Bf4 Nc6 5. e3 Nf6 6. Nc3 a6 7. Bd3 g6 8. Nf3 Bg7 9. O-O O-O 10. Rc1 Bg4 11. h3 Bxf3 12. Qxf3 e6 13. a3 Rc8 14.
Na4 Nd7 15. Qe2 Re8 16. Rfd1 Bf8 17. Bb1 Qf6 18. Bg3 h5 19. Rc2 h4 20. Bh2 b5 21.
Nc3 Nb6 22. a4 Nb4 23. Rcc1 bxa4 24. Be5 Qg5 25. Bf4 Qd8 26. Qg4 Bg7 27. Bg5 Bf6 28. Bh6 Qe7 29. Ne2 Rxc1 30. Rxc1 Kh7 31. Bf4 Kg7 32. Be5 Bxe5 33. dxe5 Rh8 34. Nf4 Rh6 35. Kh2 Nc4 36. Qe2 Nxe5 37. Qd2 Nc4 38. Qc3+ e5 39.
Nxd5 Nxd5 40. Qxc4 Nf6 41. Qc3 Rh8 42. Rd1 Rb8 43.
Bd3 Rb3 44. Qc2 Qb4 45. Bc4 Rxb2 46. Qd3 Rxf2 47. Bxa6 Qb2 48. Rg1 e4 49. Qd6 Rf5 50. Bc4 Qe5+ 51. Qxe5 Rxe5 52. Ra1 Ra5 53. Kg1 a3 54.
Kf2 Nd7 55. Ke2 Ne5 56. Bb3 Kf6 57. Kd2 Ke7 58. Kc3 Nd3 59. Kd4 f5 60. Bc4 Ra4 61. Kc3 Kd6 62. Bxd3 exd3 63. Kxd3 a2 64. Kc3 Ke5 65. Kb3 Ra8 0-1

[Event "*** Titled Tuesday Blitz"]
[Site "Chess.com"]
[Date "2020.11.10"]
[Round "3"]
[White "pastouche06"]
[Black "Jenia84"]
[Result "1/2-1/2"]
[WhiteElo "2530"]
[BlackElo "2321"]
[TimeControl "180+1"]
[EndTime "10:32:59 PST"]
[Termination "Game drawn by stalemate"]

1. d4 Nf6 2. c4 e6 3. Nc3 Bb4 4. e3 O-O 5. Ne2 Re8 6. a3 Bf8 7. d5 exd5 8. cxd5 d6 9. g3 Bf5 10. Bg2 Nbd7 11. f3 Nc5 12. e4 Bg6 13. b4 Ncd7 14. O-O a5 15. Be3 Ne5 16. Nf4 axb4 17. axb4 Rxa1 18. Qxa1 Nc4 19. Bd4 Nd2 20. Rd1 Nb3 21.
Qa7 Nxd4 22. Rxd4 c6 23. Qxb7 c5 24. Rd1 cxb4 25. Qxb4 Qa8 26. Rb1 Rc8 27. Nce2 Qa2 28. Qb2 Qa7+ 29. Qb6 Qa2 30. Rb2 Qa1+ 31. Bf1 Nd7 32.
Qb7 Nc5 33. Rb1 Nxb7 34. Rxa1 f5 35. Nxg6 hxg6 36. Nf4 fxe4 37. Bh3 Re8 38. Nxg6 exf3 39. Ra4 Nc5 40. Rh4 Kf7 41. Nh8+ Kg8 42. Ng6 Kf7 43. Nxf8 Rxf8 44. Rf4+ Ke7 45. Rxf8 Kxf8 46. Kf2 Ke7 47. Kxf3 Kf6 48. Kf4 Nd3+ 49. Ke3 Ne5 50. Ke4 g5 51. Be6 Ng6 52. Bd7 Ne5 53. Be6 Ng6 54. Bf5 Ne5 55. h4 gxh4 56. gxh4 Nf7 57. Kf4 Ne5 58. Be6 Nc4 59. h5 Kg7 60. Kg5 Kh8 61. h6 Nb6 62. Kf6 Nxd5+ 63. Bxd5 Kh7 64. Kg5 Kh8 65. Kg6 1/2-1/2

[Event "*** Titled Tuesday Blitz"]
[Site "Chess.com"]
[Date "2020.11.10"]
[Round "3"]
[White "monalize"]
[Black "RobertoJBM"]
[Result "0-1"]
[WhiteElo "2299"]
[BlackElo "2792"]
[TimeControl "180+1"]
[EndTime "10:32:59 PST"]
[Termination "RobertoJBM won on time"]

1. e4 c6 2. Nc3 d5 3. d4 dxe4 4. Nxe4 Nd7 5. Ng5 Ngf6 6. Bc4 e6 7. Qe2 Nb6 8. Bd3 h6 9. N5f3 c5 10. Be3 Nbd5 11. O-O-O Qa5 12. Kb1 Nxe3 13. fxe3 a6 14. Ne5 Qc7 15. Ngf3 b5 16. c3 Bb7 17. g4 Bd6 18. Rhg1 c4 19. Bc2 O-O-O 20. h4 Ne4 21. Rdf1 f6 22. Ng6 Rhe8 23. Qe1 Ng3 24. Rf2 h5 25. gxh5 Nxh5 26. Qf1 Ng3 27. Qh3 Ne4 28.
Rfg2 Kb8 29. h5 Rd7 30. Rg4 Nf2 31. Qg2 Nxg4 32. Qxg4 Rf7 33. e4 e5 34. d5 Bc5 35.
Rd1 Bc8 36. Qg3 Rd7 37. Nfh4 Rd6 38. Qf3 a5 39. Qe2 Qb6 40. Rf1 Rdd8 41. Nf5 Bxf5 42.
Rxf5 Rd7 43. Rf1 Rc8 44. Nh4 Bf8 45. Nf5 b4 46. Rf3 Rb7 47. cxb4 axb4 48. Ba4 c3 49.
Bb3 Qc5 50. Rf1 cxb2 51. Qxb2 Qc3 52. Qc2 Qxc2+ 53. Bxc2 Rc3 54. Bb3 Rh3 55. d6 Kc8 56. Rd1 Kd8 57. Ba4 Rxh5 58. Rc1 Rxf5 59. exf5 Bxd6 60.
Bc6 Rc7 61. Rc2 Ke7 62. Be4 Ra7 63. Rg2 Kf8 64. Rh2 Bc5 65. Rh8+ Ke7 0-1

[Event "*** Titled Tuesday Blitz"]
[Site "Chess.com"]
[Date "2020.11.10"]
[Round "3"]
[White "plumalka"]
[Black "RamyresCoelho"]
[Result "1-0"]
[WhiteElo "2476"]
[BlackElo "2065"]
[TimeControl "180+1"]
[EndTime "10:33:00 PST"]
[Termination "plumalka won by resignation"]

1. e4 c5 2. Nf3 d6 3. d4 cxd4 4. Nxd4 Nf6 5. Nc3 a6 6. Nb3 e6 7. g4 b5 8. Bg2 Bb7 9. g5 Nfd7 10. h4 Be7 11. Be3 b4 12. Ne2 Qc7 13. c3 Nc6 14. Rc1 bxc3 15. Nxc3 O-O 16. h5 f5 17. exf5 Rxf5 18.
Be4 Rxg5 19. Bxg5 Bxg5 20. Rc2 Nb4 21. Re2 Ne5 22. a3 Nbd3+ 23. Kf1 Nf4 24. Bxb7 Qxb7 25. Re4 Rf8 26. Qxd6 Qxb3 27. Qxe5 h6 28. Rg1 Nd3 29. Qd4 Qxb2 30. Re2 Qc1+ 31. Kg2 Nf4+ 32. Kh2 Qxg1+ 33. Kxg1 Nxe2+ 34. Nxe2 Bf6 35. Qe4 e5 36. Nc3 a5 37.
Nd5 Kh8 38. Qg6 Bh4 39. Qg2 Bxf2+ 40. Qxf2 Rxf2 41. Kxf2 g6 42. hxg6 Kg7 43. Ne7 Kf6 44.
Nc6 Kxg6 45. Nxa5 Kf5 46. Nc4 Ke6 47. a4 Kd5 48. a5 Kc5 49. Nxe5 Kb5 50. Nc4 h5 51.
Kg3 Kxc4 52. a6 Kb5 53. a7 Kc6 54. a8=Q+ Kd6 55. Qh8 Ke6 56. Qxh5 Kf6 57. Kf4 Kg7 58. Kf5 Kg8 59. Qg6+ Kh8 60. Qg5 Kh7 61. Kf6 1-0

[Event "*** Titled Tuesday Blitz"]
[Site "Chess.com"]
[Date "2020.11.10"]
[Round "3"]
[White "Skat2704"]
[Black "baki83"]
[Result "0-1"]
[WhiteElo "2442"]
[BlackElo "2763"]
[TimeControl "180+1"]
[EndTime "10:33:01 PST"]
[Termination "baki83 won by resignation"]

1. d4 Nf6 2. c4 e6 3. Nf3 Bb4+ 4.
Bd2 a5 5. g3 O-O 6. Bg2 d5 7. Qc2 b6 8. O-O Ba6 9. Bxb4 axb4 10.
Nbd2 Qe7 11. a4 c5 12. a5 Nbd7 13. Rfc1 Rfc8 14. e4 dxc4 15. Nxc4 cxd4 16. Qb3 Bxc4 17. Rxc4 Rxc4 18. Qxc4 bxa5 19. Nxd4 Qc5 20. Qxc5 Nxc5 21. e5 Nd5 22. Nc6 Nb3 23. Rd1 Kf8 24. Bxd5 exd5 25. Rxd5 g6 26. Rb5 Ra6 27. Rb8+ Kg7 28. Nd8 Ra7 29.
Nc6 Rc7 30. Rb6 h5 31. h4 Rd7 32.
Kg2 Rd2 33. Rb7 Nc5 34. Ra7 Nd3 35. e6 Rxf2+ 36. Kg1 Rf6 37. e7 Re6 38. Ra8 Re1+ 39. Kg2 Nxb2 40. e8=Q Rxe8 41. Rxe8 Nc4 42. Ra8 b3 43. Rb8 a4 44. Nd4 b2 45. Rb4 a3 46.
Nc2 a2 47. Rxc4 b1=Q 48. Rc7 a1=Q 49. Nxa1 Qxa1 50. Rc2 Qb1 51. Rf2 Qb7+ 52. Kh2 Qb6 53. Rf4 Qb5 54. Kg2 Qd5+ 55. Kh2 Qe5 56. Kg2 f6 57.
Kh2 Kh6 58. Kg2 g5 59. hxg5+ Kxg5 60. Rf2 Qe4+ 61. Kh2 f5 62. Kg1 Qe3 63. Kg2 Kg4 64. Rf4+ Qxf4 65. gxf4 Kxf4 0-1